Map: Catalyst LE

Players

Test

  • Race: Terran Terran
  • Spawn Location: 11:00

Kingrexyz - Winner!

  • Race: Zerg Zerg
  • League: Silver
  • Spawn Location: 5:00

VOD

Have the link to the VOD?

Description

Time

  • Played on: May 15, 2018, 5:17 p.m.
  • Length: 13:33
Show
View Real Time Build Order
Export as new Build Order

Test Terran 

Build Orders:  

Get SALT Encoding   

  12  0:01  SCV  
  13  0:13  SCV  
  14  0:19  Supply Depot  
  14  0:25  SCV  
  15  0:29  Refinery  
  15  0:41  SCV  
  16  0:47  Barracks  
  16  0:53  SCV  
  17  1:04  Barracks  
  17  1:06  SCV  
  18  1:18  SCV  
  19  1:30  SCV  
  20  1:35  Marine  
  20  1:37  Barracks  
  21  1:41  Supply Depot  
  21  1:53  Marine, Barracks Reactor  
  22  2:02  Orbital Command  
  22  2:11  Marine  
  22  2:15  Barracks  
  23  2:24  Barracks Reactor  
  23  2:37  Marine  
  23  2:38  Marine  
  23  2:42  Barracks Tech Lab  
  25  2:52  Supply Depot  
  25  2:55  Marine x2  
  27  3:07  Stimpack  
  27  3:08  Marine  
  28  3:13  Marine x2  
  28  3:14  Barracks Reactor  
  28  3:15  Marine  
  28  3:16  Marine  
  32  3:26  Marine  
  33  3:29  Supply Depot  
  33  3:31  Marine x2  
  33  3:33  Marine  
  36  3:36  Marine  
  37  3:44  Marine  
  38  3:49  Marine  
  38  3:51  Marine  
  38  3:52  Marine x2  
  38  3:54  Marine  
  38  3:55  Marine  
  44  4:01  Marine  
  45  4:07  Marine  
  45  4:08  Marine  
  47  4:16  Supply Depot  
  47  4:17  Marine  
  47  4:19  Marine  
  47  4:21  Marine  
  50  4:35  Marine x2  
  50  4:36  Marine  
  50  4:37  Marine  
  54  4:46  Supply Depot  
  54  4:48  Marine x2  
  54  4:50  Marine  
  57  5:10  Engineering Bay  
  57  5:11  Supply Depot  
  34  5:30  Marine x3  
  34  5:35  Marine x3  
  37  5:40  Marine  
  41  5:44  Terran Infantry Weapons Level 1  
  41  5:48  Marine x3  
  44  5:53  Marine x3  
  47  5:58  Marine  
  48  6:15  Factory  
  48  6:24  Command Center  
  48  6:38  Marine x2, Factory  
  50  6:44  Refinery  
  50  7:01  Starport  
  50  7:15  Starport  
  50  7:17  SCV  
  51  7:29  SCV  
  52  7:32  Hellion x2  
  56  7:52  Hellion x2  
  56  7:53  Hellion x2  
  64  8:05  Banshee  
  64  8:09  Starport Reactor  
  64  8:11  SCV  
  68  8:13  SCV, Hellion x2  
  68  8:18  Barracks Reactor  
  68  8:19  Barracks Tech Lab  
  73  8:21  Barracks Reactor x2  
  73  8:26  Cloaking Field  
  73  8:34  SCV  
  73  8:37  Refinery  
  73  8:40  Hellion  
  77  8:45  Hellion  
  78  8:49  Orbital Command  
  81  9:06  Medivac  
  81  9:08  SCV  
  81  9:16  SCV  
  82  9:20  SCV, Refinery  
  83  9:28  SCV  
  84  9:34  Medivac x2  
  88  9:40  Hellion x2  
  88  9:45  Supply Depot  
  92  9:50  Armory  
  92  9:51  Supply Depot  
  92  10:10  Banshee  
  95  10:18  Hellion x2  
  95  10:19  Hellion x2  
  103  10:34  Sensor Tower  
  103  10:35  Terran Infantry Armor Level 1  
  102  11:04  Marine x3  
  102  11:05  Hellion x2  
  109  11:23  Hellion x2  
  110  11:54  Hellion, Banshee, Hellbat  
  110  11:57  Supply Depot  
  117  12:12  Hellbat  
  117  12:19  Hellbat x3  
  117  12:20  Supply Depot  
  117  12:22  Marine x2  
  125  12:35  Hellbat  
  125  12:37  Banshee  
  123  12:42  Hellbat x3  
  132  12:45  Supply Depot  
  132  12:56  Hellbat  
  134  13:03  Command Center  
  134  13:06  Hellbat x3  
Show
View Real Time Build Order
Export as new Build Order

Kingrexyz Zerg - Winner!

Build Orders: Hatch First 

Get SALT Encoding   

  12  0:01  Drone  
  13  0:08  Drone  
  14  0:17  Overlord  
  14  0:35  Drone x3  
  17  0:53  Hatchery  
  17  0:56  Drone  
  17  1:02  Extractor  
  16  1:12  Spawning Pool  
  16  1:15  Drone  
  16  1:20  Drone  
  17  1:27  Drone  
  18  1:33  Drone  
  19  1:40  Overlord  
  19  1:59  Queen  
  21  2:03  Zergling x2  
  21  2:04  Zergling x2  
  21  2:05  Queen  
  25  2:09  Drone  
  25  2:12  Metabolic Boost  
  26  2:16  Drone  
  26  2:20  Extractor  
  26  2:21  Drone  
  27  2:28  Drone  
  28  2:39  Drone x2  
  30  2:44  Lair  
  30  2:49  Drone  
  31  2:59  Queen  
  31  3:12  Drone x2  
  33  3:15  Zergling x4  
  33  3:17  Overlord x2  
  35  3:23  Baneling Nest  
  35  3:25  Drone  
  35  3:51  Hydralisk Den  
  35  3:53  Drone x3  
  37  3:58  Drone x4  
  37  3:59  Drone x2  
  43  4:04  Zergling x6  
  43  4:08  Centrifical Hooks  
  46  4:12  Drone  
  47  4:25  Zergling x2  
  47  4:26  Zergling x2  
  47  4:29  Grooved Spines, Hydralisk  
  51  4:36  Pneumatized Carapace  
  51  4:40  Overlord x3  
  51  5:06  Baneling  
  51  5:08  Baneling  
  51  5:09  Baneling x5  
  36  5:31  Zergling x6  
  36  5:32  Zergling x8  
  43  5:38  Zergling x2  
  43  5:39  Zergling x4  
  45  5:58  Drone x2  
  47  6:05  Drone  
  47  6:06  Muscular Augments  
  47  6:07  Hydralisk  
  50  6:14  Infestation Pit  
  50  6:17  Drone  
  50  6:18  Drone x3  
  53  6:24  Hydralisk  
  56  6:32  Drone  
  56  6:34  Drone  
  56  6:35  Drone x2  
  56  6:37  Drone  
  60  6:48  Drone  
  61  6:54  Hatchery  
  61  6:55  Pathogen Glands  
  61  6:57  Infestor  
  62  7:03  Overlord x2  
  62  7:06  Zergling x2  
  63  7:13  Extractor  
  63  7:14  Drone, Extractor  
  62  7:24  Hydralisk  
  62  7:27  Drone x2  
  66  7:31  Infestor  
  68  7:48  Hydralisk x2  
  68  7:49  Zergling x2  
  68  7:50  Zergling x2  
  74  7:52  Zergling x10  
  79  8:02  Burrow  
  79  8:08  Hydralisk x2  
  79  8:10  Hydralisk  
  79  8:12  Zergling x2  
  86  8:21  Overlord  
  86  8:25  Hive  
  86  8:34  Hydralisk  
  86  8:35  Overlord  
  86  8:37  Drone  
  89  8:45  Hydralisk x3  
  89  8:48  Zergling x4  
  97  8:55  Zergling x4  
  98  8:59  Baneling  
  98  9:00  Baneling x7  
  99  9:15  Zergling x8  
  99  9:16  Zergling x2  
  104  9:19  Drone  
  105  9:38  Overlord x3  
  105  9:39  Overlord  
  105  9:50  Ultralisk Cavern  
  104  9:56  Queen, Infestor x2  
  110  10:11  Drone x3  
  113  10:22  Drone  
  113  10:24  Hydralisk x3  
  120  10:33  Evolution Chamber  
  120  10:34  Evolution Chamber  
  117  11:08  Hydralisk  
  117  11:09  Hydralisk x3  
  117  11:11  Ultralisk x2  
  137  11:14  Zergling x2  
  137  11:15  Overlord x3  
  137  11:16  Overlord  
  137  11:17  Overlord x3  
  138  11:23  Drone, Extractor  
  138  11:24  Extractor  
  137  11:34  Adrenal Glands  
  137  11:38  Zerg Ground Armor Level 1, Zerg Missile Weapons Level 1  
  137  11:42  Zergling x6  
  140  11:59  Baneling  
  140  12:00  Baneling x9  
  140  12:03  Hydralisk  
  142  12:21  Hydralisk x3  
  140  12:47  Hydralisk x3  
  140  12:48  Hydralisk x3  
  140  12:50  Zergling x6  
  155  12:51  Zergling x2  
  155  12:52  Zergling x8  
Tags
 
Add a new tag
Caveats
  • Supply blocks, unpowered buildings, or Contaminate may cause inaccurate times.
  • Supply counts are checked every 10 seconds.